 Dungeon Crawl Stone Soup version 0.27.0-1-g7a089689b8 (webtiles) character file.

Game seed: 9310271953960590436

370 ZARRMARR the Chopper (level 6, -6/55 HPs)
             Began as a Hill Orc Monk on Aug 3, 2021.
             Succumbed to Edmund's poison
             ... on level 4 of the Dungeon.
             The game lasted 00:14:57 (6070 turns).

ZARRMARR the Chopper (Hill Orc Monk)                Turns: 6070, Time: 00:14:58

Health: -6/55      AC:  2    Str: 16    XL:     6   Next: 70%
Magic:  0/6        EV: 13    Int: 16    God:
Gold:   167        SH:  0    Dex: 13    Spells: 5/5 levels left

rFire    . . .     SeeInvis .   a - +0 hand axe
rCold    . . .     Faith    .   (no shield)
rNeg     . . .     Spirit   +   b - +0 robe
rPois    .         Reflect  .   (no helmet)
rElec    .         Harm     .   (no cloak)
rCorr    .         Rampage  .   (no gloves)
Will     .....                  (no boots)
Stlth    ++........             h - amulet of guardian spirit
HPRegen  0.18/turn              l - +6 ring of intelligence
MPRegen  0.10/turn              (no ring)

@: lethally poisoned (-6 -> -56), invisible
A: no striking features
a: no special abilities


You were on level 4 of the Dungeon.
You visited 1 branch of the dungeon, and saw 4 of its levels.

You collected 167 gold pieces.

Inventory:

Hand Weapons
 a - a +0 hand axe (weapon)
Missiles
 d - 58 stones
 e - 4 boomerangs (quivered)
 t - 8 poisoned darts
Armour
 b - a +0 robe (worn)
 s - +0 storm dragon scales
Jewellery
 h - an amulet of guardian spirit (around neck)
 j - an amulet of the acrobat
 l - a +6 ring of intelligence (left hand)
Wands
 w - a wand of digging (9)
Scrolls
 f - a scroll of fear {unknown}
 g - a scroll of silence {unknown}
 i - 4 scrolls of identify
 n - a scroll of enchant weapon {unknown}
 p - a scroll of summoning {unknown}
 v - a scroll of magic mapping {unknown}
Potions
 c - 2 potions of berserk rage {unknown}
 k - 2 potions of invisibility
 m - a potion of heal wounds {unknown}
 o - a potion of brilliance {unknown}
 q - a potion of curing {unknown}
 r - a potion of cancellation {unknown}
 u - a potion of mutation {unknown}
 x - a potion of lignification {unknown}


   Skills:
 + Level 4.8 Fighting
 + Level 6.2 Axes
 + Level 2.0 Throwing
 + Level 3.6 Dodging
 + Level 2.6 Stealth


You had 5 spell levels left.
You didn't know any spells.
Your spell library was empty.

Dungeon Overview and Level Annotations

Branches:
Dungeon (4/15)
 Temple: D:4-7

Altars:
The Shining One

Shops:
D:1 [

Annotations:
D:3 1 runed translucent door, Crazy Yiuf, Sigmund
D:4 Edmund


Message History

Throw: 4 boomerangs
Press: ? - help, Q - select action, (/) - cycle Shift-Dir - straight line, f/p - Edmund
Aim: Edmund, wielding a +2 flail of venom and wearing a +0 ring mail (moderately wounded, 64% to hit)
You throw a boomerang.
The boomerang hits Edmund but does no damage.
Edmund is moderately wounded.
Throw: 4 boomerangs
Press: ? - help, Q - select action, (/) - cycle Shift-Dir - straight line, f/p - Edmund
Aim: Edmund, wielding a +2 flail of venom and wearing a +0 ring mail (moderately wounded, 64% to hit)
You throw a boomerang.
The boomerang hits Edmund but does no damage.
Edmund is moderately wounded.
You hit Edmund.
Edmund is moderately wounded.
Edmund barely misses you.
You hit Edmund.
Edmund is moderately wounded.
Edmund hits you with a +2 flail of venom!
You are poisoned.
You hit Edmund.
Edmund is heavily wounded.
You feel sick.
Edmund hits you with a +2 flail of venom!
You are more poisoned.
You closely miss Edmund.
Edmund is heavily wounded.
You feel extremely sick.
Edmund hits you with a +2 flail of venom!
You are more poisoned.
You hit Edmund.
Edmund is heavily wounded.
* * * LOW HITPOINT WARNING * * *
You feel extremely sick.
Edmund says, "What use are spells, anyway?"
Edmund hits you with a +2 flail of venom!
* * * LOW HITPOINT WARNING * * *
You are more poisoned.
It was a potion of invisibility.
You fade into invisibility!
You die...

#..#.#...###.....###### #...
#..#............<.....# ####
#..#..#..###.....####.#
###..#..# ###.....#####.########
#.B@....# ...................)..
#.#)?#######......#.###.#######.
#.#..?..#....#...##.###.# #.
#..#.#..#.#####@###.#)#.# #.
#.###...#......@.....#..#######.
#..# ##...###.#####.#..)........
#.#.# #.## #. #.##.########.
#.######.####.# #.#...........
#....)).......# #.#..#########
#)######.###### #.#..# ...# #.#
#.#..# #### #.# #....#
#.##########....#


You could see Edmund.

Vanquished Creatures
  A necrophage (D:4)
  A centaur skeleton (D:4)
  Natasha (thrice) (D:4)
  An iguana (D:4)
  2 orc wizards (D:3)
  Robin (D:4)
  2 gnolls
  2 worms
  3 orcs
  6 bats
  4 endoplasms
  6 giant cockroaches
  13 goblins
  7 hobgoblins
  3 jackals (D:4)
  3 kobolds
  A quokka (D:1)
  4 ball pythons
  3 frilled lizards
  2 rats
68 creatures vanquished.

Notes
Turn   | Place    | Note
-------+----------+-------------------------------------------
     0 | D:1      | ZARRMARR the Hill Orc Monk began the quest for the Orb.
     0 | D:1      | Reached XP level 1. HP: 19/19 MP: 1/1
   232 | D:1      | Found Cibbikaa's Antique Armour Shop.
   375 | D:1      | Reached XP level 2. HP: 26/27 MP: 2/2
   457 | D:1      | Found a faded altar of an unknown god.
  1475 | D:2      | Reached XP level 3. HP: 33/33 MP: 3/3
  3406 | D:3      | Reached XP level 4. HP: 4/40 MP: 2/4
  3696 | D:3      | Reached skill level 5 in Axes
  3957 | D:3      | Found a glowing golden altar of the Shining One.
  4060 | D:3      | Found a runed translucent door.
  4061 | D:3      | Noticed Crazy Yiuf
  4486 | D:3      | Noticed Sigmund
  4495 | D:4      | Noticed Edmund
  4499 | D:4      | Reached XP level 5. HP: 14/47 MP: 2/5
  4977 | D:4      | Noticed Natasha
  4985 | D:4      | Reached skill level 1 in Throwing
  4996 | D:4      | Killed Natasha
  5096 | D:4      | Noticed Natasha
  5105 | D:4      | Killed Natasha
  5106 | D:4      | Reached XP level 6. HP: 16/53 MP: 1/6
  5484 | D:4      | Noticed Robin
  5494 | D:4      | Killed Robin
  5822 | D:4      | Noticed a necrophage
  5830 | D:4      | Killed a necrophage
  5831 | D:4      | Reached skill level 6 in Axes
  5866 | D:4      | Noticed Natasha
  5877 | D:4      | Killed Natasha
  6070 | D:4      | Succumbed to Edmund's poison

Illustrated notes

Levels and vault maps discovered:
D:1:      tarquinn_simple_flora_water_b, layout_basic,
          hellmonk_ecumenical_altar_pennies_from_heaven, serial_shops,
          nicolae_shop_trees, st_stairs_12, palyth_stone_intersect
D:2:      layout_basic, dk_vineyard_3
D:3:      layout_rooms, nicolae_tso_carved_into_rock, uniq_sigmund,
          uniq_crazy_yiuf_cottage
D:4:      layout_loops_ring, minmay_temple_entry_butterflies, uniq_edmund,
          uniq_natasha, uniq_robin

Skill      XL: |  1  2  3  4  5  6 |
---------------+-------------------+-----
Stealth        | 2 |  2.6
Fighting       | 4 |  4.8
Axes           | 5 6 |  6.2
Dodging        | 3 |  3.6
Throwing       | 1 2 |  2.0

Action                   |  1- 3 |  4- 6 || total
-------------------------+-------+-------++-------
Melee: Hand axe          |   118 |   112 ||   230
Throw: Stone             |    34 |    16 ||    50
       Boomerang         |       |    39 ||    39
  Use: Scroll            |       |     3 ||     3
       Potion            |       |     1 ||     1
 Stab: Sleeping          |     7 |       ||     7
Armor: Robe              |    24 |    16 ||    40
Dodge: Dodged            |    70 |    76 ||   146
